 Dungeon Crawl Stone Soup version 0.28-a0-1616-g050a50673c (webtiles) character file.

Game seed: 14002017561870294194

6547 timneilson the Blocker (level 11, -7/67 HPs)
             Began as a Gargoyle Fighter on Jan 23, 2022.
             Was a Priest of Okawaru.
             Mangled by an orc knight (19 damage)
             ... in a bailey.
             The game lasted 00:25:17 (10802 turns).

timneilson the Blocker (Gargoyle Fighter)          Turns: 10802, Time: 00:25:18

Health: -7/67      AC: 23    Str: 24    XL:     11   Next: 1%
Magic:  10/13      EV: 15    Int:  9    God:    Okawaru [***...]
Gold:   593        SH:  8    Dex:  9    Spells: 10/10 levels left

rFire   . . .      SeeInvis .   t - +0 scimitar
rCold   . . .      Faith    .   c - +1 buckler
rNeg    + . .      Spirit   .   n - +0 chain mail
rPois   ∞          Reflect  .   (no helmet)
rElec   +          Harm     .   e - +1 cloak of Starlight {*Dazzle EV+4 Stlth--}
rCorr   +          Rampage  .   (no gloves)
Will    .....                   (no boots)
Stlth   ..........              (no amulet)
HPRegen 0.21/turn               h - ring of resist corrosion
MPRegen 0.13/turn               p - ring "Ineympal" {rPois Slay+6}

@: heroic, studying 3 skills
A: sickness immunity, AC +8, negative energy resistance 1, electricity
resistance, torment resistance 1, petrification resistance
a: Renounce Religion, Heroism


You were in a bailey.
You worshipped Okawaru.
Okawaru was most pleased with you.
You visited 2 branches of the dungeon, and saw 10 of its levels.
You also visited: Sewer and Bailey.

You collected 593 gold pieces.

Inventory:

Hand Weapons
 a - a +1 long sword
 t - a +0 scimitar (weapon)
Armour
 c - a +1 buckler (worn)
 e - the +1 cloak of Starlight (worn) {*Dazzle EV+4 Stlth--}
   (You acquired it on level 2 of the Dungeon)

   It may blind those who miss an attack against the wearer in melee combat.
   EV:        It affects your evasion (+4).
   Stlth:     It makes you much less stealthy.
 n - a +0 chain mail (worn)
Jewellery
 b - a ring of protection from cold
 h - a ring of resist corrosion (left hand)
 p - the ring "Ineympal" (right hand) {rPois Slay+6}
   (You found it on level 8 of the Dungeon)

   [ring of poison resistance]

   Slay:      It affects your accuracy & damage with ranged weapons and melee
   (+6).
   rPois:     It protects you from poison.
Wands
 l - a wand of digging (8)
Scrolls
 g - a scroll of enchant weapon
 j - 2 scrolls of amnesia
 m - 2 scrolls of enchant armour
 r - a scroll of fog
Potions
 d - 2 potions of cancellation
 f - a potion of berserk rage {unknown}
 i - 3 potions of brilliance
 o - 2 potions of attraction
 q - a potion of lignification {unknown}
 u - 3 potions of resistance
 v - 2 potions of haste {unknown}
 w - 2 potions of heal wounds
 x - a potion of might
 z - 2 potions of magic {unknown}
 A - a potion of invisibility {unknown}


   Skills:
 + Level 7.5(12.5) Fighting
 * Level 7.2(12.2) Long Blades
 * Level 9.0(14.0) Armour
 + Level 4.2(9.2) Dodging
 * Level 10.5(15.5) Shields
 + Level 3.4 Invocations
 + Level 4.2 Evocations


You had 10 spell levels left.
You didn't know any spells.
Your spell library contained the following spells:

 Spells                   Type           Power      Damage    Failure   Level
 Magic Dart               Conj           0%         1d3       90%         1
 Blink                    Tloc           0%         N/A       97%         2
 Gell's Gravitas          Tloc           0%         N/A       99%         3
 Lesser Beckoning         Tloc           0%         N/A       99%         3
 Mephitic Cloud           Conj/Pois/Air  0%         N/A       99%         3
 Teleport Other           Tloc           0%         N/A       99%         3
 Manifold Assault         Tloc           0%         N/A       100%        5
 Storm Form               Tmut/Air       0%         N/A       100%        7
 Summon Small Mammal      Summ           Unusable   N/A       N/A         1
 Call Imp                 Summ           Unusable   N/A       N/A         2
 Call Canine Familiar     Summ           Unusable   N/A       N/A         3
 Summon Guardian Golem    Hex/Summ       Unusable   N/A       N/A         3

Dungeon Overview and Level Annotations

Branches:
Dungeon (9/15)             Temple (1/1) D:6           Sewer (visited)
 Bailey (1/1)
   Lair: D:8-11         Orc: D:9-12

Altars:
Cheibriados
Dithmenos
Elyvilon
Fedhas
Hepliaklqana
Kikubaaqudgha
Makhleb
Nemelex Xobeh
Okawaru
Qazlal
Sif Muna
Trog
Uskayaw
Vehumet
Xom
Zin
The Shining One

Shops:
D:5 !


Innate Abilities, Weirdness & Mutations

You are immune to sickness and miasma.
Your stone body is resilient. (AC +8)
You are immune to poison.
You resist negative energy. (rN+)
You are resistant to electric shocks. (rElec)
You are resistant to unholy torment.
You are immune to petrification.


Message History

The orcs go into a battle-frenzy!
The orc hits you but does no damage. The orc knight closely misses you.
The orc closely misses you. x2
There is an open gate here.
You closely miss the orc.
An orc warrior comes into view. It is wielding a +0 trident.
You block the orc's attack. The orc knight barely misses you.
You block the orc's attack. You block the orc's attack.
The orc hits you but does no damage. You block the orc's attack.
You slash the orc knight!
The orc knight is severely wounded.
The orc completely misses you.
The orc knight hits you but does no damage.
You barely miss the orc knight.
The orc knight is severely wounded.
The orc hits you but does no damage. You block the orc's attack.
The orc barely misses you.
You hit the orc knight.
The orc knight is severely wounded.
The orc knight hits you with a +0 bardiche!!
The orc misses you. You block the orc's attack. The orc completely misses you.
You barely miss the orc knight.
The orc knight is severely wounded.
The orc knight hits you with a +0 bardiche!!
* * * LOW HITPOINT WARNING * * *
The orc hits you but does no damage. The orc closely misses you.
You block the orc warrior's attack. You block the orc's attack.
You hit the orc knight.
The orc knight is severely wounded.
The orc knight hits you with a +0 bardiche!
* * * LOW HITPOINT WARNING * * *
You block the orc's attack. x2
Unknown command.
It was a potion of heal wounds.
You feel much better.
The orc warrior hits you from afar with a +0 trident!
* * * LOW HITPOINT WARNING * * *
The orc barely misses you.
The orc knight hits you with a +0 bardiche!!
You die...

#'''''#
##.....##
#.......#
#.......#
#..)))..#
#..#o#..#
#.o).)..#
#o.@o.#
##o''##
#.....#
#.....#
#.....#
#.....#
#.....#
##'''##
##.....##


You could see an orc knight, an orc warrior (strong) and 3 orcs.

Vanquished Creatures
  A deep elf pyromancer (D:8)
  An ugly thing (D:8)
  A hornet (D:9)
  Grinder (D:4)
  6 yaks
  A vampire mosquito (D:8)
  An acid dragon (D:8)
  A water moccasin (D:6)
  A hornet zombie (D:7)
  A sky beast (D:7)
  An ice beast (D:6)
  5 orc warriors
  2 black bears
  5 centaurs
  2 ogres
  3 necrophages
  A phantom (D:5)
  A kobold brigand (D:6)
  Blork the orc (D:6)
  A scorpion (D:6)
  3 bullfrogs (D:8)
  A gnoll sergeant (D:8)
  A killer bee (D:8)
  3 wights (D:9)
  2 howler monkeys
  A bullfrog zombie (D:5)
  2 centaur zombies (D:8)
  7 orc priests
  2 hounds
  A gnoll shaman (D:7)
  5 jellies
  3 iron imps (D:8)
  Ijyb (D:3)
  2 centaur skeletons (D:5)
  8 orc wizards
  5 iguanas
  A scorpion zombie (D:5)
  A killer bee zombie (D:6)
  A hound zombie (D:5)
  2 howler monkey zombies
  15 adders
  10 gnolls
  3 river rats (Sewer)
  3 white imps
  2 ufetubi (D:5)
  2 worms
  7 dart slugs
  44 orcs
  10 ball pythons
  6 endoplasms
  6 giant cockroaches
  10 goblins
  7 hobgoblins
  3 jackals
  29 kobolds
  5 quokkas
  6 bats
  6 frilled lizards
  8 rats
271 creatures vanquished.

Vanquished Creatures (others)
  A sky beast (D:8)
  13 plants (D:6)
14 creatures vanquished.

Grand Total: 285 creatures vanquished

Notes
Turn   | Place    | Note
-------+----------+-------------------------------------------
     0 | D:1      | timneilson the Gargoyle Fighter began the quest for the
                  | Orb.
     0 | D:1      | Reached XP level 1. HP: 14/14 MP: 1/1
   284 | D:1      | Reached XP level 2. HP: 11/19 MP: 2/2
   464 | D:1      | Found a faded altar of an unknown god.
   923 | D:1      | Reached XP level 3. HP: 23/23 MP: 3/3
  1560 | D:2      | HP: 1/23 [hobgoblin (4)]
  1571 | D:2      | HP: 1/23 [jackal (1)]
  2165 | D:2      | Reached XP level 4. HP: 28/28 MP: 4/4
  2170 | D:2      | Reached skill level 4 in Shields
  2591 | D:2      | Identified a scroll of acquirement
  2591 | D:2      | Acquired the +1 cloak of Starlight {*Dazzle EV+4 Stlth--}
  2591 | D:2      | Found the +1 cloak of Starlight {*Dazzle EV+4 Stlth--}
  2673 | D:2      | Reached skill level 1 in Dodging
  2673 | D:2      | Reached XP level 5. HP: 27/33 MP: 5/5
  2757 | D:3      | Noticed an ogre
  2763 | D:3      | Killed an ogre
  2764 | D:3      | Reached XP level 6. HP: 38/38 MP: 6/6
  2854 | D:3      | Noticed a necrophage
  2878 | D:3      | Killed a necrophage
  3001 | D:3      | Noticed Ijyb
  3011 | D:3      | Killed Ijyb
  3394 | D:4      | Noticed Grinder
  3416 | D:4      | Paralysed by Grinder for 5 turns
  3429 | D:3      | Reached skill level 5 in Shields
  3439 | D:4      | Reached skill level 5 in Armour
  3665 | D:4      | Paralysed by Grinder for 3 turns
  3673 | D:4      | Paralysed by Grinder for 6 turns
  3686 | D:4      | Killed Grinder
  3687 | D:4      | Reached XP level 7. HP: 20/44 MP: 7/7
  3714 | D:4      | Reached skill level 1 in Evocations
  3754 | D:4      | Reached XP level 8. HP: 18/48 MP: 8/8
  3826 | D:4      | Found a glowing drain.
  3856 | Sewer    | Entered a sewer
  4215 | Sewer    | Reached skill level 6 in Shields
  5102 | D:4      | Reached skill level 5 in Fighting
  5456 | D:5      | Entered Level 5 of the Dungeon
  5483 | D:5      | Found a glowing golden altar of the Shining One.
  5822 | D:5      | Found Uwintany's Distillery.
  5918 | D:5      | Reached skill level 5 in Long Blades
  6027 | D:5      | Reached XP level 9. HP: 44/54 MP: 9/9
  6470 | D:6      | Reached skill level 7 in Shields
  6510 | D:6      | Noticed Blork the orc
  6526 | D:6      | Killed Blork the orc
  6964 | D:6      | Found a staircase to the Ecumenical Temple.
  6973 | Temple   | Entered the Ecumenical Temple
  6996 | Temple   | Became a worshipper of Warmaster Okawaru
  7613 | D:6      | HP: 2/54 [something/puff of flame (12)]
  7896 | D:6      | Found an ancient bone altar of Kikubaaqudgha.
  7959 | D:6      | Acquired a manual of Shields
  8147 | D:7      | Found a radiant altar of Vehumet.
  8397 | D:7      | Found a snail-covered altar of Cheibriados.
  8721 | D:7      | Reached skill level 1 in Invocations
  8774 | D:7      | Reached skill level 8 in Shields
  8780 | D:7      | Acquired a manual of Fighting
  8814 | D:8      | Reached * piety under Okawaru
  8843 | D:7      | Reached XP level 10. HP: 23/60 MP: 9/11
  9288 | D:8      | Reached skill level 9 in Shields
  9313 | D:8      | Reached ** piety under Okawaru
  9692 | D:8      | Noticed a cyan ugly thing
  9708 | D:8      | Identified the ring "Ineympal" {rPois Slay+6}
  9738 | D:8      | Noticed a deep elf pyromancer
 10063 | D:8      | Killed a cyan ugly thing
 10217 | D:8      | Found a burning altar of Makhleb.
 10328 | D:8      | Killed a deep elf pyromancer
 10328 | D:8      | Reached *** piety under Okawaru
 10329 | D:8      | Reached skill level 10 in Shields
 10504 | D:9      | Found a flagged portal.
 10557 | Bailey   | Entered a bailey
 10788 | Bailey   | Noticed an orc knight
 10792 | Bailey   | Reached XP level 11. HP: 67/67 MP: 10/13
 10801 | Bailey   | HP: 3/67 [orc knight (9)]
 10802 | Bailey   | Mangled by an orc knight

Illustrated notes

Levels and vault maps discovered:
D:1:      ncdulo_halloftheorcs, layout_basic,
          ebering_ecumenical_altar_sacrificial
D:2:      layout_basic
D:3:      layout_rooms, grunt_decor_one_mirror, uniq_ijyb
D:4:      layout_basic, gup_sewer_entry_pipe, minmay_manual_mandibuliform,
          uniq_grinder
D:5:      layout_rooms, mainiacjoe_overflow_concentric_impassable, serial_shops,
          shop
D:6:      kennysheep_kobold_camp, layout_gridville,
          nicolae_overflow_hidden_temple, minmay_temple_entry_poolview,
          uniq_blork_the_orc
D:7:      layout_basic, kennysheep_mini_moat, mainiacjoe_overflow_alcove_4
D:8:      layout_rooms, demons_altar, hangedman_abyss_or_decor_clamps,
          minmay_strange_pillars, minmay_pinched_square
D:9:      layout_basic, enter_bailey_5, minivault_22,
          hangedman_decor_clover_reticule
Temple:   minmay_temple_forest_path
Bailey:   bailey_polearm_5, bailey

Skill      XL: |  1  2  3  4  5  6  7  8  9 10 |
---------------+-------------------------------+-----
Long Blades    | 2 3 4 5 6 7 |  7.2
Shields        | 4 5 6 8 10 | 10.5
Armour         | 4 5 6 7 9 |  9.0
Dodging        | 1 2 3 4 |  4.2
Fighting       | 4 5 6 7 |  7.5
Evocations     | 1 2 3 4 |  4.2
Invocations    | 1 3 |  3.4

Action                   |  1- 3 |  4- 6 |  7- 9 | 10-12 || total
-------------------------+-------+-------+-------+-------++-------
Melee: Long sword        |   134 |   194 |   387 |       ||   715
       Scimitar          |       |       |   205 |   251 ||   456
Invok: Heroism           |       |       |     1 |     9 ||    10
Evoke: Wand              |       |       |       |     3 ||     3
  Use: Scroll            |     4 |     6 |     9 |     5 ||    24
       Potion            |       |     2 |     1 |     4 ||     7
 Stab: Invisible         |       |     2 |     9 |     5 ||    16
Armor: Scale mail        |   111 |    82 |    60 |       ||   253
       Chain mail        |       |       |   197 |   119 ||   316
Dodge: Dodged            |    91 |   156 |   312 |   188 ||   747
Block: Buckler           |    59 |    60 |   162 |   113 ||   394

Table legend: (Time is in decaauts)
 A = Elapsed time spent in this place.
 B = Non-inter-level travel time spent in this place.
 C = Inter-level travel time spent in this place.
 D = Time resting spent in this place.
 E = Time spent auto-exploring this place.
 F = Levels seen in this place.
 G = Mean time per level.
                   A        B        C        D        E       F      G
               +--------+--------+--------+--------+--------+-----+--------+
         Total |  11073 |  10816 |    257 |   1676 |   5980 |  12 |  922.8 |
       Dungeon |   9729 |   9526 |    203 |   1422 |   5322 |   9 | 1081.0 |
        Temple |    426 |    372 |     54 |      0 |    354 |   1 |  426.0 |
         Sewer |    675 |    675 |      0 |    154 |    304 |   1 |  675.0 |
        Bailey |    241 |    241 |      0 |    100 |      0 |   1 |  241.0 |
               +--------+--------+--------+--------+--------+-----+--------+

Top non-repeatable levels by time:
     D:1: 1519 daAuts
     D:8: 1421 daAuts
     D:6: 1411 daAuts
     D:4: 1363 daAuts
     D:2: 1257 daAuts
     D:7: 1026 daAuts
     D:3: 856 daAuts
     D:5: 758 daAuts
   Sewer: 675 daAuts
  Temple: 426 daAuts
  Bailey: 241 daAuts
     D:9: 113 daAuts
